 Dungeon Crawl Stone Soup version 0.27.1-34-g3ba077fa99 (webtiles) character file.

Game seed: 10724526569357474425

683 boopmooplesden the Covered (level 7, 0/62 HPs)
             Began as a Minotaur Fighter on Jan 26, 2022.
             Was a Follower of Okawaru.
             Succumbed to a water moccasin's poison
             ... on level 5 of the Dungeon.
             The game lasted 00:04:40 (4381 turns).

boopmooplesden the Covered (Minotaur Fighter)       Turns: 4381, Time: 00:04:41

Health: 0/62       AC: 11    Str: 23    XL:     7   Next: 35%
Magic:  6/6        EV:  8    Int:  5    God:    Okawaru [*.....]
Gold:   124        SH: 10    Dex:  9    Spells: 6/6 levels left

rFire    . . .     SeeInvis .   n - +3 scimitar (freeze)
rCold    . . .     Faith    .   c - +0 kite shield
rNeg     . . .     Spirit   .   b - +1 scale mail
rPois    .         Reflect  .   p - +2 hat
rElec    .         Harm     .   i - +0 cloak
rCorr    .         Rampage  .   (no gloves)
Will     .....                  (no boots)
Stlth    ..........             (no amulet)
HPRegen  0.20/turn              (no ring)
MPRegen  0.10/turn              (no ring)

@: lethally poisoned (0 -> -6), on berserk cooldown, slowed, very slow
A: horns 2, retaliatory headbutt
a: Renounce Religion, Heroism


You were on level 5 of the Dungeon.
You worshipped Okawaru.
Okawaru was aware of your devotion.
You visited 2 branches of the dungeon, and saw 6 of its levels.

You collected 124 gold pieces.

Inventory:

Hand Weapons
 a - a +0 long sword
 f - a +2 scimitar
 g - a +0 long sword of protection
 n - a +3 scimitar of freezing (weapon)
Armour
 b - a +1 scale mail (worn)
 c - a +0 kite shield (worn)
 i - a +0 cloak (worn)
 p - a +2 hat (worn)
Jewellery
 j - a ring of magical power
Wands
 l - a wand of flame (23)
Potions
 d - a potion of might
 e - 2 potions of lignification
 h - a potion of magic
 k - 2 potions of brilliance
 o - a potion of ambrosia {unknown}


   Skills:
 + Level 5.7 Fighting
 + Level 5.4 Long Blades
 + Level 6.1 Armour
 + Level 1.6 Dodging
 + Level 0.7 Stealth
 + Level 5.6 Shields


You had 6 spell levels left.
You didn't know any spells.
Your spell library contained the following spells:

 Spells                   Type           Power      Damage    Failure   Level
 Gell's Gravitas          Tloc           0%         N/A       100%        3
 Teleport Other           Tloc           0%         N/A       100%        3
 Dispersal                Tloc           0%         N/A       100%        6


Dungeon Overview and Level Annotations

Branches:
Dungeon (5/15)             Temple (1/1) D:4

Altars:
Ashenzari
Cheibriados
Dithmenos
Elyvilon
Fedhas
Gozag
Hepliaklqana
Kikubaaqudgha
Makhleb
Nemelex Xobeh
Okawaru
Qazlal
Ru
Sif Muna
Trog
Uskayaw
Wu Jian
Xom
Yredelemnul
Zin
The Shining One

Shops:
D:1 [


Innate Abilities, Weirdness & Mutations

You have a pair of horns on your head.
You reflexively headbutt those who attack you in melee.


Message History

You miss the water moccasin.
The water moccasin is heavily wounded.
You feel sick.
The water moccasin bites you but does no damage.
The water moccasin bites you.
* * * LOW HITPOINT WARNING * * *
You are lethally poisoned!
The water moccasin poisons you!
You closely miss the water moccasin.
The water moccasin is heavily wounded.
* * * LOW HITPOINT WARNING * * *
You feel very sick.
The water moccasin bites you but does no damage. x2
Unknown command.
It was a potion of berserk rage.
A red film seems to cover your vision as you go berserk!
You feel yourself moving faster!
You feel mighty!
* * * LOW HITPOINT WARNING * * *
You feel very sick.
The water moccasin completely misses you.
You furiously retaliate!
You headbutt the water moccasin!!
You kill the water moccasin!
Okawaru accepts your kill.
Your Armour skill increases to level 6!
You feel a strong urge to attack something.
* * * LOW HITPOINT WARNING * * *
You feel sick.
Okay, then.
You are too berserk!
There is a lethal amount of poison in your body!
There is a lethal amount of poison in your body!
* * * LOW HITPOINT WARNING * * *
You feel sick.
You feel your anger nearly subside.
* * * LOW HITPOINT WARNING * * *
You feel sick.
You are no longer berserk.
You are exhausted.
You feel yourself slow down.
You die...

#..## #...# #...#
....## . #....# ...
#....# .#
.....####....#...#
.......@..........
##########.###########
... #............
......#...<.......
..##.............#
#............###
#.................
#.................
#..#..............


There were no monsters in sight!

Vanquished Creatures
  2 water moccasins
  2 scorpions (D:4)
  3 wights (D:4)
  A hound (D:4)
  A jelly (D:4)
  A hound skeleton (D:4)
  A howler monkey skeleton (D:4)
  4 gnolls (D:4)
  2 adders
  2 worms (D:2)
  3 dart slugs
  2 orcs (D:3)
  4 ball pythons
  2 bats
  5 endoplasms
  6 giant cockroaches
  8 goblins
  8 hobgoblins
  3 jackals (D:3)
  14 kobolds
  9 quokkas
  6 frilled lizards
  A jackal skeleton (D:4)
  5 rats
95 creatures vanquished.

Vanquished Creatures (others)
  A fungus (D:2)
  5 plants
6 creatures vanquished.

Grand Total: 101 creatures vanquished

Notes
Turn   | Place    | Note
-------+----------+-------------------------------------------
     0 | D:1      | boopmooplesden the Minotaur Fighter began the quest for the
                  | Orb.
     0 | D:1      | Reached XP level 1. HP: 19/19 MP: 0/0
    92 | D:1      | Reached XP level 2. HP: 27/27 MP: 1/1
   112 | D:1      | Reached skill level 4 in Armour
   459 | D:1      | Found Balalaner's Antique Armour Emporium.
   686 | D:2      | Reached XP level 3. HP: 33/33 MP: 2/2
  1197 | D:2      | Found a faded altar of an unknown god.
  1730 | D:3      | Reached XP level 4. HP: 36/41 MP: 3/3
  2140 | D:3      | Found a shimmering blue altar of Sif Muna.
  2150 | D:3      | Found a sparkling altar of Nemelex Xobeh.
  2771 | D:4      | Found a staircase to the Ecumenical Temple.
  2791 | Temple   | Entered the Ecumenical Temple
  2968 | Temple   | Became a worshipper of Warmaster Okawaru
  3018 | D:4      | Noticed a scorpion
  3028 | D:4      | Killed a scorpion
  3029 | D:4      | Reached XP level 5. HP: 23/47 MP: 4/4
  3243 | D:4      | Noticed a water moccasin
  3251 | D:4      | Killed a water moccasin
  3251 | D:4      | Reached * piety under Okawaru
  3252 | D:4      | Reached skill level 5 in Fighting
  3252 | D:4      | Reached skill level 5 in Armour
  3252 | D:4      | Reached skill level 1 in Dodging
  3252 | D:4      | Reached XP level 6. HP: 45/56 MP: 5/5
  3418 | D:4      | Reached skill level 5 in Shields
  3772 | D:4      | Reached skill level 5 in Long Blades
  3901 | D:4      | Reached XP level 7. HP: 60/61 MP: 6/6
  3914 | D:4      | Found a hide-covered altar of Uskayaw.
  4363 | D:5      | Entered Level 5 of the Dungeon
  4378 | D:5      | Reached skill level 6 in Armour
  4379 | D:5      | HP: 3/93 [poisoned by a water moccasin]
  4381 | D:5      | Succumbed to a water moccasin's poison

Illustrated notes

Levels and vault maps discovered:
D:1:      eino_arrival_water_cross, layout_rooms, serial_shops,
          nicolae_square_shop, serial_bayou_pond_d
D:2:      layout_loops_corners, shapermc_ecumenical_altar_mp_ritualfount,
          minmay_pentomino_r2
D:3:      layout_loops_corners, mainiacjoe_overflow_big_doors
D:4:      layout_loops_ring, lemuel_coloured_pillars_altar,
          minmay_temple_entry_purple_smoke
D:5:      minmay_recursive_quarters, layout_cave_pools, serial_gnoll_camp,
          gnoll_camp_mini_sergeant, grums_kennel, gnoll_camp_mini_hut,
          gnoll_camp_mini_house, gnoll_camp_mini_hut, gnoll_camp_medium_01
Temple:   dpeg_five_rooms_temple

Skill      XL: |  1  2  3  4  5  6  7 |
---------------+----------------------+-----
Fighting       | 4 5 |  5.7
Armour         | 4 5 6 |  6.1
Shields        | 4 5 |  5.6
Long Blades    | 3 4 5 |  5.4
Dodging        | 1 |  1.6
Stealth        | |  0.7

Action                   |  1- 3 |  4- 6 |  7- 9 || total
-------------------------+-------+-------+-------++-------
Melee: Long sword        |    88 |   103 |       ||   191
       Headbutt          |    20 |    23 |     1 ||    44
       Scimitar          |       |    12 |    28 ||    40
  Use: Scroll            |     5 |     1 |       ||     6
       Potion            |       |       |     1 ||     1
Armor: Scale mail        |    43 |    53 |    15 ||   111
Dodge: Dodged            |    26 |    42 |    13 ||    81
Block: Kite shield       |    59 |    74 |     9 ||   142
       Rpst.: Long sword |    10 |     6 |       ||    16
       Scimitar          |       |       |     2 ||     2
